 Dungeon Crawl Stone Soup version 0.21.1-1-g345015f (webtiles) character file.

5492 prey the Fighter (level 10, -17/144 HPs)
             Began as a Minotaur Berserker on July 4, 2018.
             Was an Elder of Trog.
             Demolished by an orc warrior
             ... wielding a +0 scimitar
              (24 damage)
             ... on level 1 of the Orcish Mines on July 5, 2018.
             The game lasted 01:57:21 (9161 turns).

prey the Fighter (Minotaur Berserker)               Turns: 9161, Time: 01:57:23

Health: -17/144    AC: 16    Str: 27    XL:     10   Next: 42%
Magic:  9/9        EV: 10    Int:  7    God:    Trog [****..]
Gold:   870        SH:  4    Dex: 10    Spells: 9/9 levels left

rFire    + . .     SeeInvis .   S - +0 morningstar (vamp)
rCold    x . .     Gourm    .   m - +0 buckler
rNeg     . . .     Faith    .   R - +0 plate armour
rPois    .         Spirit   .   (helmet restricted)
rElec    .         Reflect  .   (no cloak)
rCorr    .         Harm     +   (no gloves)
MR       +++..                  D - +0 pair of boots
Stlth    ..........             n - amulet of harm
HPRegen  1.34/turn              w - ring of fire
MPRegen  0.11/turn              u - ring of protection from magic

@: berserking, regenerating, very quick
A: retaliatory headbutt, horns 2
a: Berserk, Trog's Hand, Brothers in Arms, Burn Spellbooks, Renounce Religion


You were on level 1 of the Orcish Mines.
You worshipped Trog.
Trog was greatly pleased with you.
You were very hungry.

You visited 2 branches of the dungeon, and saw 11 of its levels.
You also visited: Ossuary.

You collected 870 gold pieces.

Inventory:

Hand Weapons
 f - a +0 mace of holy wrath
 l - a +0 war axe
 r - a +0 great mace
 F - a +0 glaive
 I - a +0 antimagic hand axe
 K - a +0 battleaxe
 O - a +0 dire flail
 Q - a +0 trident
 S - a +0 vampiric morningstar (weapon)
 U - a +0 glaive
 V - a +1 mace of venom
 W - a cursed -3 scimitar
 X - a +1 flail of protection
Missiles
 p - 10 tomahawks (quivered)
 y - a throwing net
 M - 2 javelins
 P - 5 needles of confusion
 T - 2 silver tomahawks
Armour
 j - a +0 chain mail
 m - a +0 buckler (worn)
 D - a +0 pair of boots (worn)
 R - a +0 plate armour (worn)
Jewellery
 n - an amulet of harm (around neck)
 u - a ring of protection from magic (right hand)
 w - a ring of fire (left hand)
Scrolls
 b - a scroll of enchant armour
 d - 6 scrolls of teleportation
 e - 3 scrolls of fog
 h - 3 scrolls of enchant weapon
 i - 5 scrolls of magic mapping
 k - 7 scrolls of amnesia
 B - 2 scrolls of remove curse
 H - a scroll of immolation {unknown}
 J - a scroll of blinking {unknown}
 L - 2 scrolls of identify
Potions
 a - a potion of agility
 g - 2 potions of lignification
 o - a potion of berserk rage
 q - a potion of heal wounds
 s - a potion of cancellation {unknown}
 t - 2 potions of curing {unknown}
 v - 3 potions of might
 x - a potion of degeneration {unknown}
 z - 2 potions of brilliance
 A - a potion of ambrosia
 C - a potion of magic {unknown}
 E - 2 potions of mutation {unknown}
 N - a potion of flight {unknown}
Comestibles
 c - 6 rations
 G - 3 chunks of flesh


   Skills:
 * Level 11.2 Fighting
 - Level 7.1(7.6) Axes
 + Level 4.0(6.1) Maces & Flails
 - Level 2.0 Throwing
 * Level 10.6 Armour
 + Level 5.9 Dodging
 - Level 4.7 Shields


You had 9 spell levels left.
You didn't know any spells.

Dungeon Overview and Level Annotations

Branches:
Dungeon (9/15)             Temple (0/1) D:4             Orc (2/2) D:9
   Lair: D:8-11         Elf: Orc:2

Altars:
Cheibriados
Elyvilon
Kikubaaqudgha
Nemelex Xobeh
Ru
Sif Muna
Vehumet
Yredelemnul
Zin
The Shining One

Shops:
Orc:2 :

Annotations:
D:6 Door behind lava.


Innate Abilities, Weirdness & Mutations

You reflexively headbutt those who attack you in melee.
You have a pair of horns on your head.


Message History

The ogre is moderately wounded.
The warg closely misses you. You furiously retaliate!
You headbutt the warg. The orc warrior misses you.
The warg bites you but does no damage.
You barely miss the ogre.
The ogre is moderately wounded.
The orc warrior barely misses you. The ogre barely misses you.
You furiously retaliate!
You headbutt the ogre!
The orc warrior hits you with a trident.
* * * LOW HITPOINT WARNING * * *
The warg bites you.
* * * LOW HITPOINT WARNING * * *
You are too berserk!
You sock the ogre!
You feel better.
You kill the ogre!
Trog accepts your kill.
Your base Maces & Flails skill increases to level 4!
The warg bites you.
* * * LOW HITPOINT WARNING * * *
The orc warrior hits you with a scimitar!!
You die...

###..........#.##.#.....#
#...............###....##
...............###....##
...)............#...#.#######
#......................#.##.##
#............................#
.................##......##.##
#..............[h).....######
###............o@......##
##.##..#.......).o....#.##
#...#.##.................#
##.......................#
#....................#...#
................#...###.##
#...............##.## ###
##...............###
.#...#..........##.##


You could see a warg and 2 orc warriors.

Vanquished Creatures
  A two-headed ogre (D:8)
  An orc knight (Orc:1)
  The ghost of gregunderscorem the Ducker, a novice OpFi of Dithmenos (D:5)
  2 hippogriffs
  A hungry ghost (D:8)
  8 orc warriors
  A phantom (D:8)
  3 ogres
  2 centaurs (D:6)
  2 big kobolds
  3 elf zombies (Ossuary)
  A bullfrog (D:6)
  An elf skeleton (D:5)
  A wyvern skeleton (D:8)
  3 killer bees (D:7)
  5 crimson imps
  2 jellies (D:5)
  4 hounds
  2 human zombies
  11 orc priests
  A centaur skeleton (D:7)
  15 orc wizards
  A human skeleton (D:5)
  An iguana (D:7)
  4 worker ants
  A killer bee zombie (D:6)
  2 big kobold zombies (Ossuary)
  A hound zombie (D:5)
  2 hound skeletons
  A worker ant zombie (D:6)
  4 mummies (Ossuary)
  4 gnolls (D:4)
  5 adders
  2 shadow imps
  4 oozes
  3 adder zombies (Ossuary)
  A worm (D:4)
  A dart slug (D:1)
  4 leopard geckos
  45 orcs
  5 bats
  4 giant cockroaches
  6 goblins
  9 hobgoblins
  11 jackals
  2 quokkas
  2 ball pythons (D:3)
  6 frilled lizards
  A hobgoblin zombie (Ossuary)
  15 kobolds
  2 kobold zombies (Ossuary)
  A leopard gecko skeleton (D:4)
  2 orc skeletons (D:5)
  An orc zombie (D:5)
  9 rats
233 creatures vanquished.

Notes
Turn   | Place    | Note
-------+----------+-------------------------------------------
     0 | D:1      | prey the Minotaur Berserker began the quest for the Orb.
     0 | D:1      | Reached XP level 1. HP: 19/19 MP: 0/0
    94 | D:1      | Reached XP level 2. HP: 19/27 MP: 1/1
   318 | D:1      | Reached skill level 4 in Fighting
   424 | D:1      | Reached XP level 3. HP: 19/33 MP: 2/2
   426 | D:1      | Reached ** piety under Trog
  1484 | D:3      | Reached skill level 1 in Shields
  1523 | D:3      | Found a sacrificial altar of Ru.
  1567 | D:3      | Reached XP level 4. HP: 41/41 MP: 3/3
  1849 | D:3      | Reached skill level 1 in Throwing
  1849 | D:3      | Reached XP level 5. HP: 47/47 MP: 4/4
  2097 | D:4      | Found a basalt altar of Yredelemnul.
  2097 | D:4      | Found a sparkling altar of Nemelex Xobeh.
  2097 | D:4      | Found a radiant altar of Vehumet.
  2097 | D:4      | Found a deep blue altar of Sif Muna.
  2132 | D:4      | Found a snail-covered altar of Cheibriados.
  2170 | D:4      | Reached skill level 5 in Fighting
  2189 | D:4      | Found a staircase to the Ecumenical Temple.
  2467 | D:4      | Reached XP level 6. HP: 45/56 MP: 5/5
  2661 | D:4      | Reached *** piety under Trog
  2752 | D:5      | Entered Level 5 of the Dungeon
  2906 | D:5      | Noticed gregunderscorem's ghost (novice OpFi)
  2942 | D:5      | Killed gregunderscorem's ghost
  2942 | D:5      | Reached skill level 6 in Fighting
  2942 | D:5      | Reached XP level 7. HP: 63/63 MP: 6/6
  3286 | D:5      | Reached skill level 5 in Armour
  3333 | D:5      | Found a sand-covered staircase.
  3345 | Ossuary  | Entered an ossuary
  3355 | Ossuary  | Reached skill level 5 in Axes
  3389 | Ossuary  | Reached skill level 7 in Fighting
  3397 | Ossuary  | Reached XP level 8. HP: 69/73 MP: 7/7
  4652 | D:5      | Found a glowing silver altar of Zin.
  4652 | D:5      | Found a glowing golden altar of the Shining One.
  4653 | D:5      | Found a white marble altar of Elyvilon.
  5316 | D:6      | Reached skill level 8 in Fighting
  5801 | D:6      | Found an ancient bone altar of Kikubaaqudgha.
  5806 | D:6      | Reached **** piety under Trog
  6380 | D:7      | Reached XP level 9. HP: 82/82 MP: 8/8
  6443 | D:7      | Reached skill level 9 in Fighting
  7252 | D:8      | Received a gift from Trog
  7584 | D:8      | Reached skill level 1 in Maces & Flails
  7625 | D:8      | Reached skill level 10 in Fighting
  7838 | D:8      | Reached skill level 5 in Dodging
  8149 | D:9      | Noticed a two-headed ogre
  8159 | D:8      | Killed a two-headed ogre
  8159 | D:8      | Reached skill level 10 in Armour
  8159 | D:8      | Reached XP level 10. HP: 55/94 MP: 9/9
  8364 | D:9      | Received a gift from Trog
  8404 | D:9      | Found a staircase to the Orcish Mines.
  8516 | Orc:1    | Entered Level 1 of the Orcish Mines
  8751 | Orc:1    | Noticed an orc knight
  8776 | Orc:1    | Killed an orc knight
  8776 | Orc:1    | Reached skill level 11 in Fighting
  8920 | Orc:2    | Entered Level 2 of the Orcish Mines
  8920 | Orc:2    | Found Zoit's Book Boutique.
  8920 | Orc:2    | Noticed an orc knight
  9089 | Orc:2    | Noticed an orc high priest
  9091 | Orc:2    | Noticed an orc high priest
  9091 | Orc:2    | Noticed a rust devil
  9152 | Orc:2    | Noticed an orange demon
  9160 | Orc:1    | HP: 5/142 [warg (3)]
  9161 | Orc:1    | Demolished by an orc warrior

Skill      XL: |  1  2  3  4  5  6  7  8  9 10 |
---------------+-------------------------------+-----
Fighting       | 4 5 6 7 8 10 11 | 11.2
Armour         | 3 4 6 8 10 | 10.6
Axes           | 4 5 6 7 |  7.1
Shields        | 1 3 4 |  4.7
Throwing       | 1 2 |  2.0
Dodging        | 3 5 |  5.9
Maces & Flails | 3 4 |  4.0

Action                   |  1- 3 |  4- 6 |  7- 9 | 10-12 || total
-------------------------+-------+-------+-------+-------++-------
Melee: Hand axe          |   110 |    44 |       |       ||   154
       Headbutt          |    14 |    20 |    54 |    16 ||   104
       Flail             |       |    25 |       |       ||    25
       War axe           |       |    34 |   171 |       ||   205
       Mace              |       |       |    61 |       ||    61
       Morningstar       |       |       |    43 |   116 ||   159
Throw: Tomahawk          |       |       |    15 |     5 ||    20
Invok: Berserk           |     2 |     3 |     9 |     4 ||    18
       Trog's Hand       |     1 |     3 |    11 |     3 ||    18
       Burn Spellbooks   |       |       |     1 |       ||     1
  Use: Scroll            |       |     8 |     5 |       ||    13
       Potion            |       |       |     2 |     2 ||     4
  Eat: Chunk             |     5 |     7 |    12 |     8 ||    32
       Ration            |       |       |     7 |       ||     7
Armor: Animal skin       |     8 |       |       |       ||     8
       Leather armour    |    13 |       |       |       ||    13
       Chain mail        |    24 |    43 |   160 |       ||   227
       Plate armour      |       |       |    31 |   102 ||   133
Dodge: Dodged            |    39 |    43 |   133 |    89 ||   304
Block: Buckler           |     4 |    29 |    63 |    15 ||   111
